 Dungeon Crawl Stone Soup version 0.29.1-15-g9cfb28693d (webtiles) character file.

Game seed: 8882597817723853805

667 Gabide the Cutter (level 7, -4/44 HPs)
             Began as a Kobold Monk on Mar 1, 2023.
             Was a Priest of Dithmenos.
             Slain by a gnoll
             ... wielding a +0 halberd
             ... led by a gnoll sergeant
              (14 damage)
             ... on level 5 of the Dungeon.
             The game lasted 00:11:37 (6323 turns).

Gabide the Cutter (Kobold Monk)                     Turns: 6323, Time: 00:11:38

Health: -4/44      AC:  8    Str:  9    XL:     7   Next: 88%
Magic:  7/7        EV: 17    Int: 11    God:    Dithmenos [***...]
Gold:   222        SH:  0    Dex: 19    Spells: 6/6 levels left

rFire   + . .      SeeInvis +   a - +2 dagger (venom)
rCold   + . .      Faith    .   (no shield)
rNeg    . . .      Spirit   .   g - +0 leather armour
rPois   +          Reflect  .   f - +0 helmet
rElec   +          Harm     .   l - +0 cloak
rCorr   +          Rampage  .   q - +1 pair of gloves
Will    .....                   e - +0 pair of boots
Stlth   ++++++....              (no amulet)
HPRegen 0.14/turn               m - ring of see invisible
MPRegen 0.10/turn               (no ring)

@: resistant, attractive, wreathed by umbra
A: small, no large weapons, nightstalker 3
a: Renounce Religion, Shadow Step


You were on level 5 of the Dungeon.
You worshipped Dithmenos.
Dithmenos was most pleased with you.
You visited 1 branch of the dungeon, and saw 5 of its levels.

You collected 222 gold pieces.

Inventory:

Hand Weapons
 a - a +2 dagger of venom (weapon)
Missiles
 h - 4 poisoned darts (quivered)
Armour
 e - a +0 pair of boots (worn)
 f - a +0 helmet (worn)
 g - a +0 leather armour (worn)
 i - an orb of wrath
 l - a +0 cloak (worn)
 q - a +1 pair of gloves (worn)
Jewellery
 m - a ring of see invisible (left hand)
Scrolls
 b - 2 scrolls of teleportation
 k - a scroll of vulnerability
 s - 2 scrolls of summoning
Potions
 d - 2 potions of brilliance
 o - a potion of curing
 r - a potion of haste {unknown}


   Skills:
 + Level 5.4 Fighting
 + Level 6.5 Short Blades
 + Level 6.0 Dodging
 + Level 6.3 Stealth


You had 6 spell levels left.
You didn't know any spells.
Your spell library contained the following spells:

 Spells                   Type           Power      Damage    Failure   Level
 Magic Dart               Conj           0%         1d3       45%         1
 Searing Ray              Conj           0%         2d4       58%         2
 Tukima's Dance           Hex            0%         N/A       83%         3
 Fulminant Prism          Conj/Hex       0%         3d6       99%         4
 Passage of Golubria      Tloc           0%         N/A       99%         4
 Yara's Violent Unravell  Hex/Tmut       0%         3d3       100%        5


Dungeon Overview and Level Annotations

Branches:
Dungeon (5/15)
 Temple: D:4-7

Altars:
Dithmenos
Elyvilon
Xom

Shops:
D:4 =


Innate Abilities, Weirdness & Mutations

You are small and have problems with some larger weapons.
You are completely attuned to the shadows.


Message History

Unknown command.
You barely miss the hound.
The hound is lightly wounded.
The howler monkey barely misses you. The hound completely misses you.
You hit the hound.
The hound is moderately wounded.
The gnoll sergeant hits you from afar with a +4 spear of venom.
You are poisoned.
The gnoll completely misses you. The hound closely misses you.
The howler monkey hits you.
Unknown command.
You closely miss the gnoll.
You feel sick. The hound misses you. The gnoll sergeant misses you.
The gnoll hits you with a +0 whip! The howler monkey barely misses you.
You feel sick.
You kill the howler monkey!
Dithmenos accepts your kill. The gnoll hits you with a +0 whip.
Your Dodging skill increases to level 6!
You feel protected.
You feel sick. The hound closely misses you.
The gnoll sergeant hits you from afar with a +4 spear of venom.
* * * LOW HITPOINT WARNING * * *
You are lethally poisoned!
The hound bites you but does no damage. The gnoll misses you.
The gnoll hits you with a +0 whip.
* * * LOW HITPOINT WARNING * * *
The hound attacks as you move away! The hound closely misses you.
* * * LOW HITPOINT WARNING * * *
You feel very sick.
You see here a +0 trident.
It was a potion of attraction.
You feel attractive to monsters.
* * * LOW HITPOINT WARNING * * *
You feel very sick. The hound bites you but does no damage.
The hound barely misses you. The gnoll is attracted toward you.
It was a potion of curing.
You feel better. The hound barely misses you.
The gnoll hits you with a +0 halberd!
You die...

#.....................##.#
............#.........#....
.#..)...##..#.........#....
.h.......#.......##.... ...
...##)#.#.............. ..
#.#.#§.............. .
##..............).....
#..#g##g..............
##..##g#@......)))....#
#...†.gh.#......).....# .
....#.....##...........##.
#.####....###..###........
## ......##...##.........
(......##..##....#...#
##............#.
........##.##...
...##.#######...


You could see a gnoll sergeant, a hound (poisoned) and a gnoll.

Vanquished Creatures
  A water moccasin (D:4)
  A centaur (D:5)
  2 scorpions (D:5)
  A howler monkey (D:5)
  An orc priest (D:3)
  2 orc wizards
  7 gnolls
  2 adders (D:5)
  An ufetubus (D:5)
  2 worms
  5 dart slugs
  26 orcs
  7 ball pythons
  6 endoplasms
  A giant cockroach (D:1)
  16 hobgoblins
  3 jackals (D:1)
  11 kobolds
  4 quokkas
  4 bats
  6 frilled lizards
  13 goblins
  5 rats
127 creatures vanquished.

Vanquished Creatures (others)
  5 plants
5 creatures vanquished.

Grand Total: 132 creatures vanquished

Notes
Turn   | Place    | Note
-------+----------+-------------------------------------------
     0 | D:1      | Gabide the Kobold Monk began the quest for the Orb.
     0 | D:1      | Reached XP level 1. HP: 14/14 MP: 1/1
   276 | D:1      | Reached XP level 2. HP: 19/19 MP: 2/2
   918 | D:1      | Reached XP level 3. HP: 23/23 MP: 3/3
  1622 | D:2      | Found a white marble altar of Elyvilon.
  1711 | D:2      | Found a faded altar of an unknown god.
  2536 | D:2      | Reached XP level 4. HP: 29/29 MP: 4/4
  3052 | D:3      | Found a shimmering altar of Xom.
  3097 | D:3      | Reached XP level 5. HP: 6/33 MP: 5/5
  3423 | D:3      | Found a shadowy altar of Dithmenos.
  3430 | D:3      | Became a worshipper of Dithmenos the Shadowed
  3430 | D:3      | Reached * piety under Dithmenos
  3430 | D:3      | Reached ** piety under Dithmenos
  3767 | D:4      | Reached skill level 5 in Short Blades
  4421 | D:4      | Found Pyifaug's Jewellery Emporium.
  4687 | D:4      | HP: 1/34 [orc/+0 hand axe (2)]
  5043 | D:4      | Reached XP level 6. HP: 23/39 MP: 6/6
  5077 | D:4      | Reached skill level 5 in Dodging
  5329 | D:4      | Reached skill level 5 in Stealth
  5723 | D:4      | Noticed a water moccasin
  5727 | D:4      | Killed a water moccasin
  5803 | D:4      | Reached XP level 7. HP: 38/44 MP: 7/7
  5996 | D:5      | Entered Level 5 of the Dungeon
  6001 | D:5      | Reached *** piety under Dithmenos
  6002 | D:5      | Reached skill level 5 in Fighting
  6322 | D:5      | HP: 1/44 [poisoned by a gnoll sergeant]
  6323 | D:5      | Slain by a gnoll

Illustrated notes

Levels and vault maps discovered:
D:1:      dpeg_arrival_round_b, layout_loops_corners
D:2:      layout_basic, shapermc_ecumenical_altar_mp_highgroup, basic_altar
D:3:      layout_loops_cross, grunt_dithmenos_smoke_and_mirrors,
          mainiacjoe_overflow_chevrons, corexii_shack
D:4:      corexii_shantytown, layout_cave_pools, serial_shops, shop,
          sigmund_army
D:5:      layout_cave_pools

Skill      XL: |  1  2  3  4  5  6  7 |
---------------+----------------------+-----
Stealth        | 3 4 5 6 |  6.3
Dodging        | 4 5 6 |  6.0
Fighting       | 4 5 |  5.4
Short Blades   | 5 6 |  6.5

Action                   |  1- 3 |  4- 6 |  7- 9 || total
-------------------------+-------+-------+-------++-------
Melee: Short sword       |    98 |   153 |       ||   251
       Punch             |     2 |     4 |     2 ||     8
       Dagger            |       |   120 |    44 ||   164
Throw: Dart              |       |    13 |       ||    13
Invok: Shadow Step       |       |     1 |       ||     1
  Use: Scroll            |     5 |     2 |     4 ||    11
       Potion            |       |     4 |     3 ||     7
 Stab: Sleeping          |    19 |     9 |     4 ||    32
       Distracted        |       |     4 |       ||     4
Armor: Robe              |     6 |       |       ||     6
       Leather armour    |     2 |    27 |    17 ||    46
Dodge: Dodged            |    56 |   213 |    86 ||   355
